Map: Acropolis LE

Players

Methodape

  • Race: Terran Terran
  • League: Master
  • Spawn Location: 5:00

A.I. 1 (Elite) - Winner!

  • Race: Zerg Zerg
  • Spawn Location: 11:00

VOD

Have the link to the VOD?

Description

Time

  • Played on: Nov. 4, 2019, 2:36 p.m.
  • Length: 11:01
Show
View Real Time Build Order
Export as new Build Order

Methodape Terran 

Build Orders: Mech 

Get SALT Encoding   

  12  0:01  SCV  
  13  0:13  SCV  
  14  0:18  Supply Depot  
  14  0:25  SCV  
  15  0:39  SCV  
  15  0:40  Barracks  
  16  0:51  SCV  
  17  1:03  SCV  
  18  1:14  Command Center  
  18  1:18  SCV  
  19  1:27  Marine  
  19  1:31  Orbital Command  
  20  1:39  Supply Depot  
  20  1:45  Marine  
  21  1:56  SCV  
  22  2:04  Marine  
  23  2:08  SCV  
  24  2:18  Command Center  
  24  2:20  SCV  
  24  2:23  Marine  
  24  2:26  Refinery  
  24  2:29  Refinery  
  25  2:32  SCV  
  25  2:34  SCV  
  27  2:41  Marine  
  28  2:48  Orbital Command  
  28  2:50  SCV  
  29  3:02  SCV  
  30  3:10  Bunker  
  30  3:14  SCV x2  
  30  3:15  Factory  
  32  3:21  Barracks Reactor  
  32  3:25  Refinery  
  32  3:26  SCV x2  
  34  3:30  Orbital Command  
  34  3:32  Refinery  
  34  3:38  SCV  
  34  3:39  SCV  
  36  3:48  Supply Depot  
  36  3:50  SCV  
  36  3:51  SCV  
  38  3:56  SCV  
  38  4:00  Starport  
  39  4:03  SCV x2, Starport  
  39  4:09  SCV  
  42  4:11  Factory Tech Lab  
  42  4:15  SCV, Supply Depot  
  43  4:18  SCV  
  44  4:30  SCV  
  45  4:32  SCV x2  
  45  4:36  Barracks Tech Lab  
  47  4:39  Supply Depot  
  47  4:40  Viking  
  47  4:45  SCV x3, Fusion Core  
  52  4:51  Supply Depot  
  52  4:57  SCV  
  52  4:59  SCV  
  55  5:00  SCV  
  55  5:01  Hellion x2  
  55  5:06  Supply Depot  
  59  5:09  SCV  
  60  5:16  SCV  
  61  5:23  SCV  
  61  5:24  Hellion x2  
  66  5:34  Battlecruiser x2  
  78  5:37  SCV  
  78  5:38  SCV  
  80  5:43  Factory  
  80  5:46  Factory  
  81  5:50  SCV x2, Orbital Command  
  81  5:56  Weapon Refit, Refinery  
  81  5:57  Refinery  
  82  6:03  SCV  
  83  6:06  Hellion  
  83  6:07  Hellion  
  83  6:10  SCV  
  88  6:16  SCV  
  88  6:17  SCV  
  88  6:18  Barracks Tech Lab  
  90  6:20  Supply Depot  
  90  6:21  Supply Depot  
  90  6:22  SCV  
  91  6:29  SCV  
  92  6:34  SCV  
  92  6:35  SCV  
  94  6:48  Hellion x2  
  98  6:54  SCV x3, Factory  
  98  6:55  Siege Tank x2  
  98  6:57  Factory  
  107  7:02  Supply Depot x2  
  107  7:03  Command Center, Supply Depot  
  107  7:05  Infernal Pre-Igniter  
  107  7:06  SCV x3  
  110  7:10  Starport Tech Lab  
  110  7:13  Starport Reactor  
  110  7:14  Armory  
  110  7:17  Armory  
  110  7:18  SCV x2, Hellion x2  
  116  7:26  SCV  
  117  7:30  SCV x2  
  117  7:35  Mag-Field Accelerator, Supply Depot x2  
  119  7:38  SCV  
  119  7:42  SCV  
  119  7:43  SCV  
  122  7:47  Barracks Reactor  
  122  7:50  SCV, Factory  
  123  7:53  Factory  
  123  7:55  Starport Tech Lab  
  123  7:59  SCV, Hellion x2  
  123  8:00  SCV  
  123  8:02  Starport Tech Lab  
  123  8:03  Thor  
  123  8:04  Thor x2  
  147  8:11  SCV  
  147  8:12  SCV  
  149  8:13  Refinery  
  149  8:14  Refinery, Supply Depot  
  149  8:16  Supply Depot  
  149  8:29  Hellion x3  
  155  8:35  Thor  
  155  8:39  SCV  
  155  8:40  Terran Vehicle Weapons Level 1  
  155  8:41  Terran Vehicle And Ship Armor Level 1, Barracks Tech Lab  
  162  8:47  SCV x2  
  164  8:51  SCV  
  165  8:55  Engineering Bay  
  165  8:56  Thor  
  168  9:06  Thor  
  168  9:07  Hellion x2  
  168  9:09  SCV x2  
  164  9:10  Hellion x3  
  164  9:11  Cyclone  
  164  9:13  SCV x2  
  164  9:14  Refinery  
  175  9:18  Cyclone  
  178  9:26  Command Center, Planetary Fortress  
  178  9:29  Command Center  
  178  9:31  Refinery  
  178  9:39  Cyclone  
  178  9:42  Hellion x4  
  189  9:47  Banshee  
  189  9:48  Banshee  
  189  9:49  SCV  
  196  9:53  Hellion x2  
Show
View Real Time Build Order
Export as new Build Order

A.I. 1 (Elite) Zerg - Winner!

Build Orders: Pool First 

Get SALT Encoding   

  12  0:00  Drone  
  13  0:12  Overlord  
  13  0:16  Drone  
  14  0:31  Drone x2  
  14  0:34  Drone  
  17  0:47  Spawning Pool  
  17  0:48  Drone  
  17  1:10  Hatchery  
  16  1:13  Drone  
  16  1:16  Extractor  
  16  1:18  Drone  
  17  1:22  Drone  
  18  1:28  Drone  
  19  1:38  Overlord  
  19  1:45  Queen  
  21  1:49  Zergling x2  
  22  2:00  Drone  
  23  2:11  Drone  
  24  2:21  Queen, Drone  
  27  2:31  Roach Warren  
  27  2:33  Drone  
  27  2:36  Drone  
  28  2:40  Zergling x2  
  28  2:43  Zergling x2  
  30  2:48  Overlord  
  30  2:51  Drone  
  30  2:54  Drone  
  30  2:56  Drone  
  33  2:59  Drone  
  34  3:10  Roach  
  34  3:11  Roach  
  38  3:13  Roach  
  38  3:15  Roach  
  38  3:18  Overlord  
  42  3:24  Drone x2  
  44  3:27  Overlord  
  44  3:31  Overlord  
  44  3:37  Roach  
  44  3:38  Roach  
  50  3:41  Roach  
  50  3:48  Roach  
  52  3:49  Roach  
  52  3:52  Roach  
  52  3:53  Roach  
  58  3:56  Roach  
  58  3:59  Drone  
  58  4:00  Drone  
  58  4:02  Drone  
  63  4:04  Drone  
  63  4:06  Extractor  
  63  4:08  Drone  
  64  4:13  Overlord  
  64  4:17  Overlord  
  64  4:21  Drone x2  
  64  4:23  Drone  
  67  4:25  Drone  
  68  4:32  Roach x2  
  68  4:33  Roach  
  68  4:36  Roach  
  76  4:40  Overlord  
  76  4:41  Drone  
  76  4:44  Drone  
  76  4:45  Drone  
  79  4:50  Overlord, Drone  
  80  4:55  Lair  
  80  4:58  Roach  
  82  5:00  Roach  
  82  5:03  Roach  
  82  5:05  Roach  
  88  5:08  Overlord  
  88  5:10  Drone  
  88  5:12  Drone  
  88  5:13  Drone  
  91  5:18  Zergling x6  
  94  5:21  Overlord  
  94  5:22  Ravager  
  95  5:28  Extractor  
  95  5:30  Drone  
  95  5:32  Drone  
  95  5:35  Drone x2  
  98  5:36  Extractor  
  98  5:37  Drone  
  98  5:51  Drone  
  98  5:52  Overlord, Drone x2  
  98  5:56  Hydralisk Den  
  100  5:57  Drone  
  100  5:59  Drone x2  
  100  6:02  Hatchery  
  102  6:06  Infestation Pit, Drone  
  102  6:07  Drone  
  103  6:21  Metabolic Boost  
  103  6:24  Evolution Chamber  
  102  6:26  Hydralisk x2  
  102  6:27  Evolution Chamber  
  102  6:31  Evolution Chamber  
  102  6:32  Drone  
  105  6:44  Infestor  
  107  6:48  Drone  
  107  6:49  Drone  
  107  6:50  Drone x2  
  107  6:51  Zerg Melee Weapons Level 1  
  107  6:52  Hydralisk  
  105  6:55  Hydralisk  
  105  6:57  Drone x2  
  105  6:58  Drone  
  105  6:59  Drone  
  105  7:05  Overlord  
  105  7:06  Drone  
  105  7:08  Infestor  
  103  7:10  Drone x2  
  103  7:12  Drone  
  103  7:13  Drone  
  103  7:14  Drone x3  
  106  7:18  Overseer  
  99  7:24  Drone  
  99  7:27  Hydralisk  
  98  7:31  Drone  
  98  7:33  Drone  
  98  7:35  Drone  
  98  7:36  Hydralisk  
  102  7:41  Overlord  
  100  7:45  Overlord  
  100  7:49  Overlord  
  99  7:51  Overlord  
  92  8:07  Extractor  
  92  8:09  Overlord, Drone, Hydralisk  
  92  8:10  Drone x4, Extractor  
  92  8:11  Drone  
  98  8:13  Overlord  
  93  8:23  Overlord  
  92  8:35  Overlord  
  92  8:38  Overlord  
  89  8:46  Overlord  
  89  8:49  Overlord  
  89  8:51  Zerg Missile Weapons Level 1  
  89  8:52  Overlord  
  84  9:06  Overlord  
  72  9:10  Hydralisk x2  
  72  9:11  Drone x2, Zergling x4  
  76  9:18  Overlord  
  76  9:20  Overlord  
  76  9:31  Hatchery  
  76  9:36  Drone  
  76  9:37  Drone x2  
  76  9:38  Drone, Hydralisk  
  78  9:39  Overlord  
  77  9:48  Infestor, Drone  
  77  9:49  Zergling x2  
  77  9:52  Zergling x2  
  77  9:58  Hydralisk  
  79  10:01  Drone  
  79  10:04  Drone  
  78  10:21  Hatchery  
  78  10:25  Overlord  
  77  10:29  Zergling x2  
  77  10:34  Hydralisk  
  80  10:38  Drone  
  80  10:41  Zergling x2  
Tags
 
Composition
Mech
League
Master
Matchup
TvZ
Opening
Pool First
Spawn Locations
Cross Positions
Add a new tag
Caveats
  • Supply blocks, unpowered buildings, or Contaminate may cause inaccurate times.
  • Supply counts are checked every 10 seconds.